Map: Flooded City

Players

Goldo - Winner!

  • Race: Terran Terran
  • League: Platinum
  • Spawn Location: 12:00

pikuss - Winner!

  • Race: Protoss Protoss
  • League: Platinum
  • Spawn Location: 12:00

MonstroTown

  • Race: Terran Terran
  • Spawn Location: 6:00

Michael

  • Race: Zerg Zerg
  • League: Platinum
  • Spawn Location: 6:00

VOD

Have the link to the VOD?

Description

Time

  • Played on: Oct. 13, 2018, 5:09 p.m.
  • Length: 16:32
Show
View Real Time Build Order
Export as new Build Order

Goldo Terran - Winner!

Build Orders: Liberator Opening 

Get SALT Encoding   

  12  0:01  SCV  
  13  0:13  SCV  
  14  0:19  Supply Depot  
  14  0:25  SCV  
  15  0:32  Refinery  
  15  0:46  Barracks  
  15  0:47  SCV  
  16  0:59  SCV  
  18  1:11  SCV  
  18  1:23  SCV  
  19  1:35  SCV  
  20  1:43  Reaper  
  20  1:44  Supply Depot  
  21  1:47  SCV  
  21  1:53  Supply Depot  
  22  1:59  SCV  
  23  2:10  Factory  
  23  2:11  SCV  
  23  2:12  Refinery  
  24  2:24  SCV  
  24  2:27  Marine  
  25  2:41  Orbital Command  
  25  2:52  Barracks Reactor  
  25  3:08  Command Center  
  25  3:14  Starport  
  25  3:19  Factory  
  25  3:27  SCV  
  26  3:36  Liberator  
  26  3:39  SCV  
  26  3:40  Hellion x2  
  31  3:41  Barracks Tech Lab  
  34  4:01  Hellion  
  36  4:10  Factory Tech Lab  
  36  4:14  Supply Depot  
  36  4:22  Orbital Command  
  36  4:29  Armory  
  36  4:50  Hellion  
  38  5:14  Orbital Command, Starport Tech Lab  
  40  5:18  Liberator  
  40  5:19  Siege Tank  
  44  5:47  Refinery x2  
  44  5:51  Siege Tank  
  44  6:01  Liberator  
  44  6:02  Hellion x2  
  48  6:09  SCV  
  48  6:10  SCV  
  53  6:23  Hellion x3  
  57  6:45  Hellion x2  
  61  7:13  SCV  
  61  7:14  Supply Depot  
  62  7:24  Supply Depot  
  62  7:35  SCV x2, Medivac  
  62  7:36  Hellion x2  
  70  7:46  Hellion  
  70  7:47  SCV x2  
  74  7:57  Siege Tank  
  77  8:00  SCV  
  77  8:04  Fusion Core  
  78  8:11  Armory  
  78  8:16  Supply Depot  
  78  8:18  Supply Depot x2  
  78  8:19  Supply Depot  
  78  8:21  Liberator  
  78  8:38  SCV, Hellion x2  
  78  8:40  Siege Tank, SCV  
  90  8:50  SCV  
  90  8:52  SCV  
  91  9:00  Hellion x2  
  91  9:02  SCV  
  96  9:04  SCV, Liberator  
  97  9:12  Siege Tank  
  97  9:14  SCV  
  97  9:16  Starport, SCV  
  99  9:21  Hellion x2  
  102  9:44  Siege Tank, Hellion  
  102  9:45  Hellion  
  109  9:49  Infernal Pre-Igniter  
  109  9:55  Starport Reactor  
  109  10:20  Command Center  
  109  10:33  Viking  
  109  10:34  Hellion  
  110  11:16  Viking  
  110  11:23  Liberator x2  
  110  11:24  Hellion  
  109  11:26  Hellion  
  109  11:29  Hellion  
  94  11:46  Siege Tank, Viking  
  105  11:52  Hellion x2  
  106  12:06  Liberator x2  
  104  12:13  Hellion x2  
  104  12:16  Viking  
  104  12:18  Siege Tank  
  109  12:28  Liberator  
  115  12:34  Hellion  
  115  12:35  Hellion  
  119  12:48  Liberator  
  119  12:49  Liberator  
  119  12:50  Siege Tank  
  125  12:56  Hellion  
  125  12:57  Hellion  
  103  13:18  Hellion x2  
  102  13:22  Siege Tank  
  103  13:28  Viking  
  105  13:39  Hellion x2  
  106  13:48  Viking x2  
  106  13:54  Hellion  
  112  13:58  Viking  
  112  14:01  Hellion x2  
  118  14:16  Hellion  
  120  14:22  Hellion x2  
  124  14:37  Hellion  
  123  14:40  Viking x2  
  125  14:59  Hellion  
  124  15:06  Hellion, Viking  
  125  15:20  Hellion  
  124  15:24  Hellion  
  124  15:37  Viking  
  124  15:46  Viking x2  
Show
View Real Time Build Order
Export as new Build Order

pikuss Protoss - Winner!

Build Orders:  

Get SALT Encoding   

  12  0:02  Probe  
  13  0:15  Pylon  
  13  0:18  Probe  
  14  0:35  Gateway  
  14  0:36  Probe  
  15  0:47  Assimilator  
  15  0:48  Probe  
  16  1:00  Probe  
  17  1:05  Gateway  
  17  1:14  Probe  
  18  1:23  Cybernetics Core  
  18  1:26  Probe  
  19  1:35  Pylon  
  19  1:38  Probe  
  20  1:44  Warp Gate  
  20  1:50  Probe  
  21  2:00  Adept  
  21  2:01  Adept  
  25  2:02  Probe  
  25  2:08  Assimilator  
  26  2:14  Probe  
  27  2:26  Probe  
  28  2:35  Stalker  
  30  2:38  Probe  
  30  2:42  Pylon  
  31  3:00  Probe  
  32  3:12  Adept, Probe  
  35  3:14  Nexus  
  35  3:22  Adept  
  37  3:33  Robotics Facility  
  33  4:13  Shield Battery  
  31  4:22  Adept  
  31  4:23  Adept  
  35  4:29  Pylon  
  30  4:46  Stalker x2  
  30  4:50  Probe  
  35  5:02  Probe  
  35  5:03  Probe  
  37  5:07  Immortal  
  37  5:08  Pylon  
  37  5:14  Probe  
  37  5:15  Probe  
  37  5:18  Stalker  
  37  5:19  Stalker  
  47  5:25  Twilight Council  
  47  5:26  Probe  
  47  5:29  Pylon  
  47  5:30  Probe  
  49  5:39  Pylon  
  49  5:42  Probe  
  50  5:44  Stalker  
  50  5:45  Stalker  
  54  5:56  Gateway  
  54  5:59  Gateway  
  54  6:04  Charge  
  54  6:08  Probe  
  54  6:09  Probe  
  54  6:10  Sentry x2  
  58  6:16  Probe  
  58  6:17  Probe  
  62  6:25  Probe  
  62  6:27  Templar Archives  
  63  6:32  Immortal  
  65  6:58  Stalker x2  
  69  7:11  Pylon  
  69  7:12  Immortal, Pylon  
  73  7:21  Zealot  
  73  7:22  Zealot  
  77  7:31  Zealot  
  77  7:32  Zealot  
  81  7:44  Pylon  
  81  7:45  Zealot x2  
  85  8:01  Psionic Storm  
  85  8:02  Probe  
  85  8:03  Probe  
  87  8:08  Zealot  
  87  8:09  Zealot x3  
  87  8:11  Assimilator  
  95  8:15  Probe x2  
  95  8:17  Assimilator  
  97  8:21  Gateway  
  97  8:23  Gateway  
  97  8:25  Gateway  
  97  8:27  Probe  
  98  8:51  High Templar  
  98  8:52  High Templar  
  102  8:57  Pylon x2  
  102  9:00  Blink  
  102  9:08  Pylon  
  102  9:15  Probe x2  
  104  9:17  High Templar  
  102  9:27  Probe  
  102  9:29  High Templar  
  102  9:31  Zealot x4  
  107  9:32  Zealot  
  107  9:33  Nexus  
  107  9:52  Zealot x2  
  109  9:53  Zealot x3  
  109  9:54  Zealot  
  119  10:01  Pylon  
  119  10:02  Pylon  
  119  10:04  Probe x2  
  121  10:16  Probe  
  118  10:30  Stalker x5  
  102  11:08  Archon  
  86  11:17  Zealot x4  
  86  11:18  Zealot x3  
  84  11:34  Immortal  
  84  11:37  Probe x3  
  83  11:40  Zealot x4  
  83  11:41  Zealot x3  
  99  11:49  Probe  
  96  11:56  Probe  
  96  11:57  Probe  
  92  12:05  Stalker  
  92  12:06  Stalker x5  
  102  12:12  Probe  
  101  12:19  Probe x2  
  103  12:24  Assimilator  
  103  12:26  Assimilator  
  101  12:35  Stalker x5  
  85  13:06  Stalker x3  
  85  13:07  Stalker x4  
  93  13:35  Stalker x5  
  93  13:36  Stalker x2  
  107  13:42  Probe x3  
  110  13:49  Nexus  
  110  13:51  Immortal  
  110  13:54  Probe x3  
  117  14:06  Probe x3  
  120  14:11  Pylon  
  120  14:13  Pylon  
  120  14:18  Probe  
  120  14:19  Probe  
  122  14:30  Immortal  
  126  14:48  Probe  
  126  14:51  Stalker x6  
  139  15:09  Immortal  
  143  15:39  Zealot x4  
  143  15:40  Zealot x3  
  143  15:41  Probe x2  
  159  15:48  Immortal  
  145  16:30  Stalker x7  
Show
View Real Time Build Order
Export as new Build Order

MonstroTown Terran 

Build Orders:  

Get SALT Encoding   

  12  0:01  SCV  
  13  0:13  SCV  
  14  0:18  Supply Depot  
  14  0:25  SCV  
  15  0:40  SCV  
  15  0:42  Barracks  
  16  0:51  Refinery  
  16  0:52  SCV  
  17  1:01  Barracks  
  17  1:04  SCV  
  18  1:17  SCV  
  19  1:29  SCV  
  20  1:34  Reaper  
  21  1:44  Orbital Command  
  21  1:49  Marine  
  22  2:05  Command Center  
  22  2:09  Marine  
  22  2:11  Barracks Tech Lab  
  23  2:39  Supply Depot  
  23  2:40  Supply Depot  
  23  2:43  Factory  
  23  2:58  Stimpack  
  23  3:00  Marine  
  23  3:01  SCV  
  24  3:09  Marauder  
  26  3:13  SCV  
  28  3:20  Refinery  
  28  3:22  Marine  
  28  3:26  Orbital Command  
  28  3:29  SCV  
  28  3:31  Factory Tech Lab  
  29  3:48  Marine  
  30  3:50  Marauder  
  31  4:06  Siege Tank, Marine  
  35  4:12  SCV x2  
  37  4:17  Supply Depot  
  37  4:19  Supply Depot  
  37  4:24  SCV x2  
  37  4:25  Engineering Bay, Barracks  
  37  4:28  Engineering Bay  
  39  4:40  Marine x2  
  37  5:02  SCV x2  
  37  5:10  Siege Tank, Barracks Reactor  
  37  5:12  Marauder  
  42  5:14  SCV  
  44  5:29  Barracks Reactor  
  44  5:31  SCV x2  
  44  5:33  Marine  
  46  5:41  Orbital Command  
  46  5:43  SCV  
  46  5:45  Marine  
  46  5:47  Marine  
  52  5:51  Marine  
  50  5:57  Starport  
  50  5:58  Supply Depot  
  50  6:04  Missile Turret  
  50  6:08  Missile Turret, Marine  
  51  6:22  Marine x4  
  51  6:23  Missile Turret, Command Center  
  55  6:27  Marauder  
  55  6:28  Terran Infantry Weapons Level 1, Terran Infantry Armor Level 1  
  56  6:43  Missile Turret  
  49  6:59  Viking  
  49  7:00  Marine x5  
  56  7:04  Missile Turret  
  56  7:05  Siege Tank  
  59  7:13  Missile Turret  
  59  7:14  Missile Turret  
  59  7:15  Missile Turret  
  59  7:16  Missile Turret, Concussive Shells  
  59  7:17  Missile Turret  
  59  7:18  Marine x4  
  59  7:19  Marine  
  64  7:35  Barracks  
  63  7:51  SCV  
  63  7:52  Armory  
  63  7:57  Orbital Command  
  64  7:58  SCV  
  64  8:00  Refinery  
  64  8:02  Refinery  
  64  8:03  SCV  
  66  8:10  SCV, Viking  
  66  8:12  Marine x4  
  71  8:13  Marine  
  71  8:15  SCV, Hellion  
  77  8:27  SCV x3  
  77  8:30  Marine x3  
  77  8:33  Barracks Reactor  
  83  8:39  SCV  
  83  8:40  Starport, Barracks, Marine x2  
  86  8:42  Barracks  
  86  8:55  Marine  
  86  8:56  Marine x2  
  86  8:57  Starport Reactor, Marine  
  86  8:59  Terran Infantry Weapons Level 2  
  89  9:28  Marine  
  89  9:29  Marine x3  
  93  9:36  Supply Depot  
  93  9:38  Supply Depot  
  93  9:39  Marine x3  
  93  9:40  Supply Depot  
  93  9:53  Siege Tank, Terran Vehicle Weapons Level 1, Medivac x2  
  93  9:57  Marine  
  93  9:58  Marine x6  
  107  10:06  Barracks Reactor x2  
  107  10:07  Starport Tech Lab  
  107  10:15  Marine x2  
  107  10:16  SCV x2, Marine x3  
  107  10:17  SCV  
  107  10:20  Refinery  
  115  10:21  Refinery  
  115  10:28  SCV  
  115  10:29  SCV x2  
  118  10:37  Marine x3  
  118  10:38  Marine x4  
  122  10:54  Marine x4  
  122  10:55  Marine  
  111  11:21  Marine x6  
  111  11:22  Marine x5  
  122  11:26  Terran Infantry Armor Level 2  
  122  11:28  Supply Depot  
  122  11:29  Supply Depot  
  122  11:30  Supply Depot  
  95  11:38  Marine  
  95  11:39  Marine  
  73  11:40  Marine x4  
  73  11:45  Marine x2  
  73  11:46  Marine x3  
  79  11:47  Siege Tank  
  79  11:53  Raven  
  84  11:56  Marine x2  
  84  11:57  Marine  
  84  11:58  Marine  
  84  12:00  Marine x2  
  90  12:02  Ghost Academy  
  90  12:03  Marine x3  
  90  12:04  Marine  
  90  12:05  Marine  
  95  12:14  Marine  
  96  12:16  Medivac  
  96  12:18  Medivac  
  96  12:20  Marine x2  
  96  12:21  Marine x4  
  106  12:24  Thor  
  106  12:25  Marine  
  106  12:26  Marine x2  
  115  12:30  Terran Vehicle Weapons Level 2  
  115  12:31  Marine  
  115  12:32  Marine  
  116  12:38  Marine  
  116  12:43  Marine x5  
  116  12:44  Raven, Marine  
  119  12:45  Marine  
  119  12:46  Marine  
  119  12:49  Marine  
  119  12:50  Marine  
  69  13:14  Marine x5  
  69  13:15  Marine x4  
  61  13:21  Marine  
  63  13:32  Marine x4  
  63  13:33  Marine  
  67  13:40  Marine  
  67  13:41  Marine x3  
  61  13:49  SCV  
  61  13:50  SCV x2, Marine x5  
  66  13:58  Marine x2  
  66  14:00  Marine x2  
  61  14:07  Marine  
  61  14:15  Marine  
Show
View Real Time Build Order
Export as new Build Order

Michael Zerg 

Build Orders: Pool First 

Get SALT Encoding   

  12  0:01  Drone  
  13  0:12  Overlord  
  13  0:18  Drone  
  14  0:31  Drone x2  
  14  0:35  Drone  
  17  0:39  Extractor  
  16  0:45  Drone  
  17  0:52  Spawning Pool  
  17  0:56  Drone  
  17  1:07  Drone  
  18  1:25  Hatchery  
  17  1:27  Drone  
  17  1:32  Drone  
  19  1:41  Zergling x2  
  20  1:48  Queen  
  22  1:55  Overlord  
  22  2:13  Metabolic Boost  
  22  2:17  Drone x2  
  22  2:39  Queen  
  22  2:42  Drone x3  
  27  2:47  Spine Crawler  
  27  2:48  Queen  
  28  2:52  Drone  
  28  2:55  Drone  
  30  3:02  Overlord  
  30  3:14  Spine Crawler  
  29  3:24  Queen  
  31  3:32  Drone x6  
  37  3:37  Zergling x2  
  37  3:38  Zergling x2  
  38  3:54  Zergling x10  
  42  4:08  Zergling x4  
  44  4:15  Lair  
  44  4:17  Roach Warren  
  44  4:23  Drone  
  44  4:25  Overlord x2  
  44  4:27  Overlord  
  42  4:56  Drone  
  42  4:57  Drone x9  
  49  5:11  Hatchery  
  48  5:16  Glial Reconstitution  
  48  5:21  Hydralisk Den  
  48  5:23  Drone  
  48  5:24  Spore Crawler, Drone x2  
  48  5:28  Extractor  
  48  5:30  Spore Crawler, Extractor  
  46  5:43  Drone x3  
  46  5:45  Drone x3  
  52  5:51  Spore Crawler  
  48  6:06  Roach  
  48  6:07  Roach x6  
  48  6:09  Spine Crawler  
  48  6:11  Muscular Augments, Hydralisk  
  62  6:22  Drone  
  62  6:23  Drone x4  
  67  6:30  Queen  
  67  6:31  Overlord  
  67  6:42  Hydralisk x3  
  72  6:53  Extractor  
  71  6:56  Evolution Chamber  
  71  6:57  Infestation Pit  
  71  6:59  Hydralisk x3  
  75  7:02  Hydralisk  
  75  7:06  Hydralisk  
  79  7:09  Hydralisk  
  81  7:16  Burrow  
  81  7:18  Drone  
  81  7:20  Overlord  
  81  7:21  Overlord  
  82  7:30  Zerg Ground Armor Level 1  
  82  7:32  Overlord  
  82  7:35  Overlord  
  85  7:56  Drone x2  
  87  7:59  Drone x8  
  87  8:03  Extractor  
  87  8:04  Extractor  
  93  8:13  Spire  
  104  8:50  Hydralisk x3  
  110  9:01  Overlord x4  
  110  9:07  Spine Crawler  
  110  9:09  Spore Crawler x2, Spine Crawler  
  106  9:10  Spine Crawler  
  106  9:11  Spore Crawler, Drone x7  
  106  9:12  Drone  
  106  9:14  Overlord  
  112  9:27  Hydralisk x3  
  112  9:28  Hydralisk  
  114  9:49  Hive  
  114  9:50  Corruptor x3  
  120  9:58  Drone x3  
  123  10:01  Drone x3  
  126  10:15  Overlord x3  
  126  10:16  Overlord  
  126  10:17  Hydralisk x2  
  136  10:42  Lurker Den  
  136  10:43  Overlord  
  88  11:19  Hydralisk x13  
  104  11:41  Hydralisk x5  
  88  11:59  Hydralisk x3  
  85  12:04  Hydralisk  
  80  12:13  Hydralisk  
  56  12:28  Hydralisk x3  
  42  12:49  Corruptor  
  44  12:52  Greater Spire  
  38  13:09  Corruptor  
  36  13:29  Corruptor  
  35  13:40  Corruptor x2  
  43  13:44  Overlord  
  28  14:05  Brood Lord x2  
  28  14:09  Corruptor x2  
  32  14:16  Brood Lord x2  
  32  14:17  Brood Lord  
  42  14:21  Corruptor  
  42  14:22  Spawning Pool  
  43  14:31  Corruptor  
  43  14:37  Hatchery  
  44  14:41  Corruptor  
  44  14:43  Brood Lord  
  44  14:44  Brood Lord  
  50  14:49  Corruptor  
  52  14:55  Brood Lord  
  52  14:56  Corruptor  
  56  15:13  Lair  
  56  15:33  Spore Crawler  
  56  15:34  Spore Crawler  
  54  15:38  Spore Crawler  
  53  15:43  Spine Crawler  
  53  15:46  Spine Crawler  
  53  15:48  Spine Crawler  
  50  16:07  Hatchery  
Tags
 
Add a new tag
Caveats
  • Supply blocks, unpowered buildings, or Contaminate may cause inaccurate times.
  • Supply counts are checked every 10 seconds.